 Dungeon Crawl Stone Soup version 0.28.0 (webtiles) character file.

Game seed: 5201176164933980615

15 psuckher the Sneak (level 2, -3/24 HPs)
             Began as a Demonspawn Delver on Feb 15, 2022.
             Slain by Sigmund (6 damage)
             ... on level 3 of the Dungeon.
             The game lasted 00:05:08 (770 turns).

psuckher the Sneak (Demonspawn Delver)               Turns: 770, Time: 00:05:08

Health: -3/24      AC:  3    Str: 10 (12) XL:     2   Next: 34%
Magic:  2/2        EV: 11    Int:  9 (11) God:
Gold:   28         SH:  0    Dex: 12 (14) Spells: 1/1 levels left

rFire   . . .      SeeInvis .   a - +0 hand axe
rCold   . . .      Faith    .   (no shield)
rNeg    . . .      Spirit   .   b - +0 leather armour
rPois   .          Reflect  .   (no helmet)
rElec   .          Harm     .   (no cloak)
rCorr   .          Rampage  .   (no gloves)
Will    .....                   (no boots)
Stlth   ++........              i - amulet of the acrobat
HPRegen 0.08/turn               (no ring)
MPRegen 0.08/turn               (no ring)

@: no status effects
A: demonic magic 1
a: no special abilities


You were on level 3 of the Dungeon.
You visited 1 branch of the dungeon, and saw 3 of its levels.

You collected 28 gold pieces.

Inventory:

Hand Weapons
 a - a +0 hand axe (weapon)
 h - a +0 shortbow of freezing
Missiles
 l - 17 arrows
 m - 4 datura-tipped darts (quivered)
Armour
 b - a +0 leather armour (worn)
Jewellery
 i - an amulet of the acrobat (around neck)
Wands
 g - a wand of digging (3)
Scrolls
 c - 2 scrolls of fog
 d - a scroll of magic mapping
 e - a scroll of fear
 k - a scroll of identify {unknown}
Potions
 f - a potion of haste


   Skills:
 + Level 3.1 Fighting
 + Level 1.8 Axes
 + Level 0.1 Bows
 + Level 1.8 Dodging
 + Level 4.9 Stealth


You had one spell level left.
You didn't know any spells.
Your spell library was empty.

Dungeon Overview and Level Annotations

Branches:
Dungeon (5/15)
 Temple: D:4-7

Altars:
Hepliaklqana
Ru
Zin

Annotations:
D:3 Sigmund
D:4 Grinder


Innate Abilities, Weirdness & Mutations

Spells you cast may paralyse adjacent enemies.


Message History

Sigmund is moderately wounded.
Sigmund closely misses you.
You barely miss Sigmund.
Sigmund is moderately wounded.
Sigmund barely misses you.
You hit Sigmund.
Sigmund is heavily wounded.
You hit Sigmund but do no damage.
Sigmund is heavily wounded.
Sigmund hits you but does no damage.
You hit Sigmund but do no damage.
Sigmund is heavily wounded.
Sigmund barely misses you.
You closely miss Sigmund.
Sigmund is heavily wounded.
Sigmund closely misses you.
You hit Sigmund.
Sigmund is heavily wounded.
Sigmund barely misses you.
You closely miss Sigmund.
Sigmund is heavily wounded.
You hit Sigmund but do no damage.
Sigmund is heavily wounded.
Sigmund flickers, as though insubstantial.
Sigmund closely misses you.
You barely miss Sigmund.
Sigmund is heavily wounded.
Sigmund hits you with a +0 scythe!
You hit Sigmund.
Sigmund is severely wounded.
Sigmund hits you with a +0 scythe!
* * * LOW HITPOINT WARNING * * *
You barely miss Sigmund.
Sigmund is severely wounded.
Sigmund gestures at you while chanting. You resist with significant effort.
You slash Sigmund!
Sigmund is almost dead.
Sigmund hits you with a +0 scythe.
You die...

#.##.#.#.#.
#.###.#.#.#
#.##.#.#.#.
########.###.#.#.#
###.((......#.#.#.#.
#...........##.#.#.#
##._.........#.#.#.#.
#............#######+
#(.)@⌠.._....#
#..@.........#
##._.........#
#.......##+##
#......## ##((..(.(.
########.. .


You could see Sigmund.

Vanquished Creatures
  A dart slug (D:4)
  2 orcs
  A ball python (D:3)
  3 endoplasms (D:3)
  A goblin (D:4)
  A kobold (D:3)
9 creatures vanquished.

Notes
Turn   | Place    | Note
-------+----------+-------------------------------------------
     0 | D:5      | psuckher the Demonspawn Delver began the quest for the Orb.
     0 | D:5      | Reached XP level 1. HP: 18/18 MP: 1/1
   396 | D:4      | Noticed Grinder
   396 | D:4      | Paralysed by Grinder for 2 turns
   396 | D:4      | Noticed an iguana
   418 | D:3      | Gained mutation: Spells you cast may paralyse adjacent
                  | enemies. [demonic ancestry]
   418 | D:3      | Reached XP level 2. HP: 23/24 MP: 2/2
   724 | D:3      | Found a sacrificial altar of Ru.
   724 | D:3      | Found a hazy altar of Hepliaklqana.
   737 | D:3      | Noticed Sigmund
   770 | D:3      | Slain by Sigmund

Illustrated notes

Levels and vault maps discovered:
D:3:      layout_basic, grunt_temple_overflow_open, uniq_ijyb, uniq_sigmund
D:4:      minmay_diamond_boxcup, layout_basic, lemuel_coloured_pillars_altar,
          gammafunk_temple_overflow_statue, lemuel_temple_firewalk_b,
          ebering_ghost_disaster_area, corexii_leaking_fountain,
          kennysheep_generic_room_13, uniq_grinder
D:5:      layout_basic

Action                   || total
-------------------------++-------
Melee: Hand axe          ||    34
       Punch             ||     1
 Fire: Shortbow          ||    11
  Use: Potion            ||     1
 Stab: Sleeping          ||     2
Armor: Leather armour    ||     3
Dodge: Dodged            ||    21
